SNL (28 & UNDER)
WICHITA WRANGLERS @ MEMPHIS BLUES
04/16/2023
 
TOP OF THE 1ST
Wichita Wranglers batting - Pitching for Memphis Blues : RHP Mark MacGruder
Pitching: RHP Mark MacGruder
Batting: RHB Cho-yun Qiao 0-0: Called Strike
0-1: Foul Ball, location: 2F
0-2: Ball
1-2: Ball
2-2: Strikes out swinging
Batting: RHB Anthony Rucker 0-0: Ball
1-0: Ground out 5-3 (Groundball, 5L)
Batting: LHB Tom Robinson 0-0: Foul Ball, location: 2F
0-1: Swinging Strike
0-2: Ground out U3 (Groundball, 3S)
Top of the 1st over - 0 run(s), 0 hit(s), 0 error(s), 0 left on base; Wichita 0 - Memphis 0
BOTTOM OF THE 1ST
Memphis Blues batting - Pitching for Wichita Wranglers : LHP Austin Huntington
Pitching: LHP Austin Huntington
Batting: RHB Jorge Fuentes 0-0: Ball
1-0: Swinging Strike
1-1: Ball
2-1: Foul Ball, location: 2F
2-2: Ball
3-2: Base on Balls
Batting: RHB Dave Wookey 0-0: Ball
1-0: Ball
2-0: Called Strike
2-1: Fielders Choice at 2nd, 6-4 (Groundball, 6M)
Batting: RHB Michael Elliott 0-0: Ball
1-0: Fly out, F9 (Flyball, 89M)
Batting: RHB Bob Orr 0-0: Ball
Dave Wookey is caught stealing 2nd base
Bottom of the 1st over - 0 run(s), 0 hit(s), 0 error(s), 0 left on base; Wichita 0 - Memphis 0
TOP OF THE 2ND
Wichita Wranglers batting - Pitching for Memphis Blues : RHP Mark MacGruder
Batting: RHB Bob Hall 0-0: Ground out 5-3 (Groundball, 5S)
Batting: RHB George Clark 0-0: Ball
1-0: Swinging Strike
1-1: Swinging Strike
1-2: Strikes out swinging
Batting: RHB Luis Sánchez 0-0: Ball
1-0: Called Strike
1-1: Called Strike
1-2: Strikes out swinging
Top of the 2nd over - 0 run(s), 0 hit(s), 0 error(s), 0 left on base; Wichita 0 - Memphis 0
BOTTOM OF THE 2ND
Memphis Blues batting - Pitching for Wichita Wranglers : LHP Austin Huntington
Batting: RHB Bob Orr 0-0: Fly out, F9 (Line Drive, 9M)
Batting: RHB Dave O'Neill 0-0: Called Strike
0-1: Foul Ball, location: 2F
0-2: Strikes out swinging
Batting: RHB John Phillips 0-0: Ball
1-0: Ball
2-0: Ball
3-0: Called Strike
3-1: Foul Ball, location: 2F
3-2: Foul Ball, location: 2F
3-2: Fly out, F4 (Popup, 4)
Bottom of the 2nd over - 0 run(s), 0 hit(s), 0 error(s), 0 left on base; Wichita 0 - Memphis 0
TOP OF THE 3RD
Wichita Wranglers batting - Pitching for Memphis Blues : RHP Mark MacGruder
Batting: LHB Jesús Tobías 0-0: Fly out, F9 (Line Drive, 89M)
Batting: LHB Mario Cornelo 0-0: Ball
1-0: Foul Ball, location: 2F
1-1: Swinging Strike
1-2: SINGLE (Groundball, 34)
Batting: RHB Jim Beck 0-0: Ball
1-0: Grounds into double play, 6-4-3 (Groundball, 6)
Top of the 3rd over - 0 run(s), 1 hit(s), 0 error(s), 0 left on base; Wichita 0 - Memphis 0
BOTTOM OF THE 3RD
Memphis Blues batting - Pitching for Wichita Wranglers : LHP Austin Huntington
Batting: RHB Sadao Kato 0-0: SINGLE (Groundball, 6M)
Batting: RHB Pedro Martínez 0-0: Ball
1-0: Ball
2-0: Foul Ball, location: 2F
2-1: Swinging Strike
2-2: Foul Ball, location: 2F
2-2: Ball
3-2: Base on Balls
Sadao Kato to second
Batting: RHB Elliott Rucker 0-0: Fly out, F9 (Flyball, 9M)
Batting: RHB Jorge Fuentes 0-0: Ball
1-0: Ball
2-0: Ball
3-0: Base on Balls
Sadao Kato to third
Pedro Martínez to second
Batting: RHB Dave Wookey 0-0: Called Strike
0-1: Ball
1-1: TRIPLE (Line Drive, 9LS)
Sadao Kato scores
Pedro Martínez scores
Jorge Fuentes scores
Batting: RHB Michael Elliott 0-0: Fly out, F8 (Popup, 8RS)
Runner from 3rd tags up, SCORES, throw made
Batting: RHB Bob Orr 0-0: Called Strike
0-1: Called Strike
0-2: Ball
1-2: Foul Ball, location: 2F
1-2: Ball
2-2: Ball
3-2: Foul Ball, location: 2F
3-2: SINGLE (Line Drive, 8LS)
Batting: RHB Dave O'Neill 0-0: Called Strike
0-1: Foul Ball, location: 2F
0-2: Strikes out looking
Bottom of the 3rd over - 4 run(s), 3 hit(s), 0 error(s), 1 left on base; Wichita 0 - Memphis 4
TOP OF THE 4TH
Wichita Wranglers batting - Pitching for Memphis Blues : RHP Mark MacGruder
Batting: RHB Cho-yun Qiao 0-0: Ball
1-0: Ball
2-0: Ball
3-0: Base on Balls
Batting: RHB Anthony Rucker 0-0: Called Strike
0-1: SINGLE (Line Drive, 7LS)
Cho-yun Qiao to second
Batting: LHB Tom Robinson 0-0: Ball
1-0: Ball
2-0: SINGLE (Line Drive, 8LS)
Cho-yun Qiao to third
Anthony Rucker to second
Batting: RHB Bob Hall 0-0: Ball
1-0: Called Strike
1-1: Ball
2-1: Fly out, F7 (Flyball, 7M)
Runner from 3rd tags up, SCORES, no throw
Batting: RHB George Clark 0-0: Swinging Strike
0-1: Ball
1-1: Grounds into double play, 5-4-3 (Groundball, 5)
Top of the 4th over - 1 run(s), 2 hit(s), 0 error(s), 1 left on base; Wichita 1 - Memphis 4
BOTTOM OF THE 4TH
Memphis Blues batting - Pitching for Wichita Wranglers : LHP Austin Huntington
Batting: RHB John Phillips 0-0: Swinging Strike
0-1: Swinging Strike
0-2: Foul Ball, location: 2F
0-2: Strikes out swinging, 2-3 out at first.
Batting: RHB Sadao Kato 0-0: Foul Ball, location: 2F
0-1: Called Strike
0-2: Ball
Reached via error on a dropped throw, E1
Batting: RHB Pedro Martínez 0-0: Swinging Strike
0-1: Ball
1-1: Ball
2-1: Ball
Balk!
Sadao Kato to second
3-1: Swinging Strike
3-2: SINGLE (Groundball, 34)
Sadao Kato to third
Batting: RHB Elliott Rucker 0-0: Ball
1-0: Ball
2-0: Called Strike
2-1: Foul Ball, location: 2F
2-2: Foul Ball, location: 2F
2-2: Ball
3-2: Base on Balls
Pedro Martínez to second
Batting: RHB Jorge Fuentes 0-0: Called Strike
0-1: Fly out, F8 (Flyball, 8RXD)
Runner from 3rd tags up, SCORES, no throw
Batting: RHB Dave Wookey 0-0: Called Strike
0-1: Called Strike
0-2: Ball
1-2: Ground out 5-3 (Groundball, 56)
Bottom of the 4th over - 1 run(s), 1 hit(s), 1 error(s), 2 left on base; Wichita 1 - Memphis 5
TOP OF THE 5TH
Wichita Wranglers batting - Pitching for Memphis Blues : RHP Mark MacGruder
Batting: RHB Luis Sánchez 0-0: Ball
1-0: Ball
2-0: Foul Ball, location: 2F
2-1: Fly out, F4 (Popup, 4MD)
Batting: LHB Jesús Tobías 0-0: Ball
1-0: SINGLE (Line Drive, 4M)
Batting: LHB Mario Cornelo 0-0: Foul Ball, location: 2F
0-1: Ball
Jesús Tobías steals 2nd base
1-1: Foul Ball, location: 2F
1-2: SINGLE (Line Drive, 56D)
Jesús Tobías to third
Batting: RHB Jim Beck 0-0: Grounds into double play, 4-6-3 (Groundball, 34)
Top of the 5th over - 0 run(s), 2 hit(s), 0 error(s), 1 left on base; Wichita 1 - Memphis 5
BOTTOM OF THE 5TH
Memphis Blues batting - Pitching for Wichita Wranglers : LHP Austin Huntington
Batting: RHB Michael Elliott 0-0: Called Strike
0-1: Ball
1-1: Ball
2-1: Foul Ball, location: 2F
2-2: Strikes out swinging
Batting: RHB Bob Orr 0-0: Ground out U3 (Groundball, 3S)
Batting: RHB Dave O'Neill 0-0: Ball
1-0: Ball
2-0: Swinging Strike
2-1: Ball
3-1: Called Strike
3-2: Strikes out looking
Bottom of the 5th over - 0 run(s), 0 hit(s), 0 error(s), 0 left on base; Wichita 1 - Memphis 5
TOP OF THE 6TH
Wichita Wranglers batting - Pitching for Memphis Blues : RHP Mark MacGruder
Batting: RHB Cho-yun Qiao 0-0: Ball
1-0: Swinging Strike
1-1: Called Strike
1-2: Ball
2-2: Foul Ball, location: 2F
2-2: Strikes out swinging
Batting: RHB Anthony Rucker 0-0: Foul Ball, location: 2F
0-1: Ball
1-1: Ball
2-1: Swinging Strike
2-2: Strikes out swinging
Batting: LHB Tom Robinson 0-0: Swinging Strike
0-1: Ball
1-1: Ball
2-1: Ball
3-1: Foul Ball, location: 2F
3-2: Foul Ball, location: 2F
3-2: Strikes out swinging
Top of the 6th over - 0 run(s), 0 hit(s), 0 error(s), 0 left on base; Wichita 1 - Memphis 5
BOTTOM OF THE 6TH
Memphis Blues batting - Pitching for Wichita Wranglers : LHP Austin Huntington
Batting: RHB John Phillips 0-0: Ball
1-0: Ground out 1-3 (Groundball, 13)
Batting: RHB Sadao Kato 0-0: Called Strike
0-1: Foul Ball, location: 2F
0-2: Fly out, F8 (Flyball, 8LD)
Batting: RHB Pedro Martínez 0-0: Ball
1-0: Foul Ball, location: 2F
1-1: Ball
2-1: Ball
3-1: Ground out 5-3 (Groundball, 56)
Bottom of the 6th over - 0 run(s), 0 hit(s), 0 error(s), 0 left on base; Wichita 1 - Memphis 5
TOP OF THE 7TH
Wichita Wranglers batting - Pitching for Memphis Blues : RHP Mark MacGruder
Batting: RHB Bob Hall 0-0: Ground out 6-3 (Groundball, 6)
Batting: RHB George Clark 0-0: Foul Ball, location: 2F
0-1: Ball
1-1: Foul Ball, location: 2F
1-2: Foul Ball, location: 2F
1-2: Ball
2-2: Ground out U3 (Groundball, 3S)
Batting: RHB Luis Sánchez 0-0: Fly out, F4 (Popup, 4)
Top of the 7th over - 0 run(s), 0 hit(s), 0 error(s), 0 left on base; Wichita 1 - Memphis 5
BOTTOM OF THE 7TH
Memphis Blues batting - Pitching for Wichita Wranglers : LHP Austin Huntington
Pitching: RHP Pat Ellis
Batting: RHB Elliott Rucker 0-0: Ball
1-0: Fly out, F9 (Flyball, 9M)
Batting: RHB Jorge Fuentes 0-0: Ball
1-0: Called Strike
1-1: Foul Ball, location: 2F
1-2: Foul Ball, location: 2F
1-2: Foul Ball, location: 2F
1-2: Ball
2-2: Strikes out swinging
Batting: RHB Dave Wookey 0-0: Called Strike
0-1: Fly out, F8 (Flyball, 8RS)
Bottom of the 7th over - 0 run(s), 0 hit(s), 0 error(s), 0 left on base; Wichita 1 - Memphis 5
TOP OF THE 8TH
Wichita Wranglers batting - Pitching for Memphis Blues : RHP Mark MacGruder
Batting: LHB Jesús Tobías 0-0: Ball
1-0: Ball
2-0: Called Strike
2-1: Foul Ball, location: 2F
2-2: Foul Ball, location: 2F
2-2: Ball
3-2: Base on Balls
Batting: LHB Mario Cornelo 0-0: Ball
1-0: Fly out, F6 (Popup, 56)
Batting: RHB Jim Beck 0-0: Ball
1-0: Fielders Choice at 2nd, 6-4 (Groundball, 6M)
Batting: RHB Cho-yun Qiao 0-0: DOUBLE (Flyball, 7LS)
Jim Beck to third
Batting: RHB Anthony Rucker 0-0: Ball
1-0: Called Strike
1-1: Ground out 1-3 (Groundball, 15)
Top of the 8th over - 0 run(s), 1 hit(s), 0 error(s), 2 left on base; Wichita 1 - Memphis 5
BOTTOM OF THE 8TH
Memphis Blues batting - Pitching for Wichita Wranglers : RHP Pat Ellis
Batting: RHB Michael Elliott 0-0: Called Strike
0-1: Ball
1-1: SINGLE (Line Drive, 34D)
Batting: RHB Bob Orr 0-0: Foul Ball, location: 2F
0-1: Fly out, F8 (Popup, 8RS)
Batting: RHB Dave O'Neill 0-0: Ball
1-0: Called Strike
1-1: SINGLE (Line Drive, 34D)
Michael Elliott to second
Batting: RHB John Phillips 0-0: Ball
1-0: Fly out, F9 (Flyball, 9D)
Runner from 2nd tags up, SAFE at 3rd, no throw
Batting: RHB Sadao Kato 0-0: Ball
1-0: Called Strike
1-1: Foul Ball, location: 2F
1-2: Foul Ball, location: 2F
1-2: Reached on error, E6 (Groundball, 6)
Michael Elliott scores
Dave O'Neill to third
Batting: RHB Pedro Martínez 0-0: Ground out 4-3 (Groundball, 4)
Bottom of the 8th over - 1 run(s), 2 hit(s), 1 error(s), 2 left on base; Wichita 1 - Memphis 6
TOP OF THE 9TH
Wichita Wranglers batting - Pitching for Memphis Blues : RHP Mark MacGruder
Now at 3B: Iván García
Now at SS: Brent Crawford
Batting: LHB Tom Robinson 0-0: Ball
1-0: Foul Ball, location: 2F
1-1: Ball
2-1: Ground out 6-3 (Groundball, 6M)
Pitching: RHP Lee Donahue
Batting: RHB Bob Hall 0-0: Ball
1-0: Swinging Strike
1-1: Foul Ball, location: 2F
1-2: Foul Ball, location: 2F
1-2: Strikes out swinging
Batting: RHB George Clark 0-0: Ball
1-0: Fly out, F8 (Flyball, 8LM)
Top of the 9th over - 0 run(s), 0 hit(s), 0 error(s), 0 left on base; Wichita 1 - Memphis 6
This league is powered by Out of the Park Baseball, the baseball management simulation game for PC, Mac and Linux
Wednesday, December 2nd, 2015 - OOTP Baseball 16.8 Build 38